 Dungeon Crawl Stone Soup version 0.22-a0-274-gf8199ec (webtiles) character file.

637 tidbits the Insei (level 7, 42/52 HPs)
             Began as a Gnoll Transmuter on Mar 13, 2018.
             Quit the game on level 7 of the Dungeon.
             The game lasted 00:09:49 (1328 turns).

tidbits the Insei (Gnoll Transmuter)                Turns: 1328, Time: 00:09:50

Health: 42/52      AC:  3    Str: 12    XL:     7   Next: 50%
Magic:  12/15      EV: 15    Int: 18    God:
Gold:   156        SH:  0    Dex: 15    Spells: 11/17 levels left

rFire    . . .     SeeInvis .   a - +0 dagger
rCold    . . .     Gourm    +   (no shield)
rNeg     . . .     Faith    .   b - +0 robe
rPois    .         Spirit   .   (no helmet)
rElec    .         Reflect  .   (no cloak)
rCorr    .         Harm     .   (no gloves)
MR       .....                  F - +0 pair of boots
Stlth    ++........             t - amulet of the gourmand
HPRegen  0.17/turn              Y - +2 ring of slaying
MPRegen  0.14/turn              (no ring)

@: mildly poisoned (42 -> 37), very slightly contaminated
A: distributed training, fangs 1, strong nose
a: no special abilities


You were on level 7 of the Dungeon.
You were not hungry.

You visited 2 branches of the dungeon, and saw 8 of its levels.

You collected 156 gold pieces.

Inventory:

Hand Weapons
 a - a +0 dagger (weapon)
 y - a +0 shortbow
Missiles
 f - 108 arrows
 h - 82 stones
 j - a tomahawk (quivered)
 p - 20 sling bullets
 x - 19 bolts
Armour
 b - a +0 robe (worn)
 l - a +0 ring mail
 o - a +0 helmet
 F - a +0 pair of boots (worn)
Jewellery
 t - an amulet of the gourmand (around neck)
   (You found it on level 4 of the Dungeon)
 Y - a +2 ring of slaying (left hand)
   (You found it on level 4 of the Dungeon)
Scrolls
 c - 5 scrolls of identify {unknown}
 e - a scroll of immolation {unknown}
 i - 3 scrolls of remove curse {unknown}
 r - 2 scrolls of enchant armour {unknown}
 u - a scroll of fog {unknown}
Potions
 g - 2 potions of might {unknown}
 k - 2 potions of flight {unknown}
 m - a potion of mutation {unknown}
 n - a potion of lignification {unknown}
 q - 2 potions of haste {unknown}
 s - a potion of heal wounds {unknown}
 v - a potion of degeneration {unknown}
 w - 2 potions of agility {unknown}
Comestibles
 d - 7 rations


   Skills:
 + Level 3.6 Fighting
 + Level 2.5 Short Blades
 + Level 2.5 Long Blades
 + Level 2.5 Axes
 + Level 2.5 Maces & Flails
 + Level 2.5 Polearms
 + Level 2.5 Staves
 + Level 2.5 Slings
 + Level 2.5 Bows
 + Level 2.5 Crossbows
 + Level 2.5 Throwing
 + Level 2.5 Armour
 + Level 5.2 Dodging
 + Level 2.5 Stealth
 + Level 2.5 Shields
 + Level 7.0 Unarmed Combat
 + Level 5.6 Spellcasting
 + Level 2.0 Conjurations
 + Level 2.0 Hexes
 + Level 2.0 Charms
 + Level 2.0 Summonings
 + Level 2.0 Necromancy
 + Level 2.0 Translocations
 + Level 4.3 Transmutations
 + Level 2.0 Fire Magic
 + Level 2.0 Ice Magic
 + Level 2.0 Air Magic
 + Level 2.0 Earth Magic
 + Level 2.0 Poison Magic
 + Level 2.7 Invocations
 + Level 2.5 Evocations


You had 11 spell levels left.
You knew the following spells:

 Your Spells              Type           Power        Failure   Level  Hunger
e - Beastly Appendage     Tmut           ###...       1%          1    None
k - Sticks to Snakes      Tmut           ###.....     3%          2    None
p - Spider Form           Tmut/Pois      ###.......   10%         3    ##.....


Dungeon Overview and Level Annotations

Branches:
Dungeon (7/15)             Temple (1/1) D:4

Altars:
Ashenzari
Dithmenos
Fedhas
Gozag
Kikubaaqudgha
Makhleb
Okawaru
Ru
Sif Muna
Trog
Uskayaw
Wu Jian
Xom
The Shining One


Innate Abilities, Weirdness & Mutations

Your experience applies equally to all skills.
You have very sharp teeth.
Your uncanny sense of smell can sniff out nearby items.


Message History

Your ball python completely misses the worker ant.
Your ball python grabs the worker ant.
Your ball python constricts the worker ant.
You hit the worker ant.
The worker ant is poisoned.
The worker ant is moderately wounded.
The worker ant closely misses you.
Your ball python bites the worker ant.
Your ball python constricts the worker ant.
Your ball python bites the worker ant but does no damage.
You strike the helpless worker ant from behind!
You bite the worker ant!
You kill the worker ant!
You see here a fuming puce potion.
w - 2 fuming puce potions (gained 1)
Your transformation is almost over.
You are feeling hungry.
Your transformation has ended.
Your +0 dagger unmelds from your body.
Your +0 pair of boots unmelds from your body.
Your +0 robe unmelds from your body.
A bullfrog comes into view.
The bullfrog gives a loud, deep croak!
Found 26 arrows.
A howler monkey zombie comes into view.
The bullfrog misses you.
Casting: Sticks to Snakes (safe; 3% risk of failure)
Confirm with . or Enter, or press ? or * to list all spells.
You turn into a venomous arachnid creature.
Your +0 dagger melds into your body.
Your +0 pair of boots melds into your body.
Your +0 robe melds into your body.
Your ball python bites the bullfrog.
Your ball python closely misses the bullfrog.
The bullfrog barely misses you.
The howler monkey zombie closely misses you.
You hit the bullfrog but do no damage.
The bullfrog is poisoned.
The bullfrog is lightly wounded.
The bullfrog misses you.
Your ball python bites the bullfrog.
Your ball python grabs the bullfrog.
Your ball python constricts the bullfrog.
The howler monkey zombie misses you.
You bite the bullfrog!
The bullfrog looks as sick as possible!
The bullfrog is almost dead.
Your ball python loses its grip on the bullfrog.
Your ball python withers and dies!
The bullfrog barely misses you.
You barely miss the howler monkey zombie.
Your ball python withers and dies!
You kill the bullfrog!
Your Conjurations skill increases to level 2!
Your Hexes skill increases to level 2!
Your Charms skill increases to level 2!
Your Summonings skill increases to level 2!
Your Necromancy skill increases to level 2!
Your Translocations skill increases to level 2!
Your Fire Magic skill increases to level 2!
Your Ice Magic skill increases to level 2!
Your Air Magic skill increases to level 2!
Your Earth Magic skill increases to level 2!
Your Poison Magic skill increases to level 2!
The howler monkey zombie completely misses you.
You bite the howler monkey zombie!
The howler monkey zombie is moderately damaged.
The howler monkey zombie barely misses you.
You bite the howler monkey zombie!
The howler monkey zombie is severely damaged.
The howler monkey zombie hits you.
You bite the howler monkey zombie!
You destroy the howler monkey zombie!
You see here a bullfrog corpse.
You butcher the bullfrog corpse.
You see here 4 chunks of flesh.
Eat one of 4 chunks of flesh? (ye/n/q)
You eat one of the 4 chunks of flesh.
This raw flesh tastes great.
Found an escape hatch in the ceiling.
Your transformation is almost over.
You see here 26 arrows.
f - 108 arrows (gained 26)
Your transformation has ended.
Your +0 dagger unmelds from your body.
Your +0 pair of boots unmelds from your body.
Your +0 robe unmelds from your body.
Found 9 gold pieces.
Found 14 gold pieces.
You see here 9 gold pieces.
You now have 156 gold pieces (gained 9).
A killer bee comes into view.
A killer bee comes into view.
The killer bee buzzes angrily. x2; You hear a shout!
You hear a chilling moan. 2 killer bees come into view.
A killer bee comes into view.
A killer bee and a crimson imp come into view.
Casting: Spider Form (safe; 10% risk of failure)
Confirm with . or Enter, or press ? or * to list all spells.
You miscast Spider Form.
You are very lightly contaminated with residual magic.
Wisps of poison gas drift from your hands.
The killer bee buzzes angrily.
You hear an angry buzzing noise.
The killer bee stings you!
You are poisoned.
The killer bee poisons you!
The crimson imp moves out of view.
A quasit comes into view.
Are you sure you want to abandon this character and quit the game? (Confirm with "yes".) .......## ........# .... ........# 5y.. #.......# ...# #......## yy#

#......# y.#
##.....# #y#
##....## ##.#
.....### ##@y#
..##...### ##..##
######...#####..##
###...##..##
###....## ##..##
#######.#
######.......##
..............#


You could see 6 killer bees and a quasit.

Vanquished Creatures
  An orc warrior (D:7)
  A sky beast (D:7)
  An ogre (D:7)
  A centaur (D:7)
  A bullfrog (D:7)
  A howler monkey (D:4)
  An orc priest (D:7)
  A hound (D:4)
  A worker ant (D:7)
  A howler monkey zombie (D:7)
  3 adders
  A worm (D:3)
  A leopard gecko (D:3)
  13 orcs
  2 ball pythons
  6 bats
  2 giant cockroaches
  4 goblins
  5 hobgoblins
  2 jackals (D:5)
  2 quokkas
  5 frilled lizards
  A kobold (D:3)
  A leopard gecko skeleton (D:4)
  A quokka skeleton (D:5)
  4 rats
63 creatures vanquished.

Vanquished Creatures (collateral kills)
  2 orcs (D:6)
  A frilled lizard (D:4)
3 creatures vanquished.

Vanquished Creatures (others)
  A hound zombie (D:5)
1 creature vanquished.

Grand Total: 67 creatures vanquished

Notes
Turn   | Place    | Note
-------+----------+-------------------------------------------
     0 | D:1      | tidbits the Gnoll Transmuter began the quest for the Orb.
     0 | D:1      | Reached XP level 1. HP: 17/17 MP: 6/6
   187 | D:2      | Reached XP level 2. HP: 21/23 MP: 5/7
   208 | D:2      | Learned a level 2 spell: Sticks to Snakes
   258 | D:1      | Reached XP level 3. HP: 24/28 MP: 7/9
   290 | D:1      | Reached skill level 5 in Spellcasting
   349 | D:2      | Learned a level 3 spell: Spider Form
   417 | D:3      | Reached skill level 1 in Invocations
   598 | D:4      | Reached skill level 1 in Short Blades
   598 | D:4      | Reached skill level 1 in Long Blades
   598 | D:4      | Reached skill level 1 in Axes
   598 | D:4      | Reached skill level 1 in Maces & Flails
   598 | D:4      | Reached skill level 1 in Polearms
   598 | D:4      | Reached skill level 1 in Staves
   598 | D:4      | Reached skill level 1 in Slings
   598 | D:4      | Reached skill level 1 in Bows
   598 | D:4      | Reached skill level 1 in Crossbows
   598 | D:4      | Reached skill level 1 in Throwing
   598 | D:4      | Reached skill level 1 in Armour
   598 | D:4      | Reached skill level 1 in Stealth
   598 | D:4      | Reached skill level 1 in Shields
   598 | D:4      | Reached skill level 1 in Evocations
   598 | D:4      | Reached XP level 4. HP: 20/34 MP: 1/11
   602 | D:5      | Entered Level 5 of the Dungeon
   624 | D:4      | Reached skill level 1 in Conjurations
   624 | D:4      | Reached skill level 1 in Hexes
   624 | D:4      | Reached skill level 1 in Charms
   624 | D:4      | Reached skill level 1 in Summonings
   624 | D:4      | Reached skill level 1 in Necromancy
   624 | D:4      | Reached skill level 1 in Translocations
   624 | D:4      | Reached skill level 1 in Fire Magic
   624 | D:4      | Reached skill level 1 in Ice Magic
   624 | D:4      | Reached skill level 1 in Air Magic
   624 | D:4      | Reached skill level 1 in Earth Magic
   624 | D:4      | Reached skill level 1 in Poison Magic
   624 | D:4      | Reached XP level 5. HP: 26/40 MP: 1/12
   718 | D:4      | Found a staircase to the Ecumenical Temple.
   724 | Temple   | Entered the Ecumenical Temple
   989 | D:6      | Found a burning altar of Makhleb.
  1026 | D:6      | Found a shimmering altar of Xom.
  1028 | D:6      | Reached skill level 3 in Fighting
  1049 | D:7      | Noticed a centaur
  1054 | D:7      | Killed a centaur
  1054 | D:7      | Reached skill level 4 in Transmutations
  1054 | D:7      | Reached skill level 2 in Invocations
  1054 | D:7      | Reached XP level 6. HP: 36/47 MP: 6/13
  1133 | D:7      | Noticed a sky beast
  1142 | D:7      | Killed a sky beast
  1142 | D:7      | Reached skill level 2 in Short Blades
  1142 | D:7      | Reached skill level 2 in Long Blades
  1142 | D:7      | Reached skill level 2 in Axes
  1142 | D:7      | Reached skill level 2 in Maces & Flails
  1142 | D:7      | Reached skill level 2 in Polearms
  1142 | D:7      | Reached skill level 2 in Staves
  1142 | D:7      | Reached skill level 2 in Slings
  1142 | D:7      | Reached skill level 2 in Bows
  1142 | D:7      | Reached skill level 2 in Crossbows
  1142 | D:7      | Reached skill level 2 in Throwing
  1142 | D:7      | Reached skill level 2 in Armour
  1142 | D:7      | Reached skill level 5 in Dodging
  1142 | D:7      | Reached skill level 2 in Stealth
  1142 | D:7      | Reached skill level 2 in Shields
  1142 | D:7      | Reached skill level 2 in Evocations
  1161 | D:7      | Noticed an orc warrior
  1176 | D:7      | Killed an orc warrior
  1176 | D:7      | Reached skill level 7 in Unarmed Combat
  1176 | D:7      | Reached XP level 7. HP: 32/52 MP: 6/15
  1240 | D:7      | Reached skill level 2 in Conjurations
  1240 | D:7      | Reached skill level 2 in Hexes
  1240 | D:7      | Reached skill level 2 in Charms
  1240 | D:7      | Reached skill level 2 in Summonings
  1240 | D:7      | Reached skill level 2 in Necromancy
  1240 | D:7      | Reached skill level 2 in Translocations
  1240 | D:7      | Reached skill level 2 in Fire Magic
  1240 | D:7      | Reached skill level 2 in Ice Magic
  1240 | D:7      | Reached skill level 2 in Air Magic
  1240 | D:7      | Reached skill level 2 in Earth Magic
  1240 | D:7      | Reached skill level 2 in Poison Magic
  1328 | D:7      | Quit the game

Vault maps used:
D:1:      lemuel_arrival_funnel
D:3:      minmay_misc_feat_chi, nicolae_tso_swordbearing_angel
D:4:      minmay_temple_entry_fiery, first_ration
D:5:      fiery_altar_vehumet, minmay_misc_feat_rows, kennysheep_crisscross
D:6:      nicolae_overflow_hidden_temple, lightli_temple_of_fire, uniq_duvessa
Temple:   nicolae_temple_hex_pool

Skill      XL: |  1  2  3  4  5  6  7 |
---------------+----------------------+-----
Spellcasting   | 5 |  5.6
Invocations    | 1 2 |  2.7
Short Blades   | 1 2 |  2.5
Long Blades    | 1 2 |  2.5
Axes           | 1 2 |  2.5
Maces & Flails | 1 2 |  2.5
Polearms       | 1 2 |  2.5
Staves         | 1 2 |  2.5
Slings         | 1 2 |  2.5
Bows           | 1 2 |  2.5
Crossbows      | 1 2 |  2.5
Throwing       | 1 2 |  2.5
Armour         | 1 2 |  2.5
Stealth        | 1 2 |  2.5
Shields        | 1 2 |  2.5
Evocations     | 1 2 |  2.5
Conjurations   | 1 2 |  2.0
Hexes          | 1 2 |  2.0
Charms         | 1 2 |  2.0
Summonings     | 1 2 |  2.0
Necromancy     | 1 2 |  2.0
Translocations | 1 2 |  2.0
Fire Magic     | 1 2 |  2.0
Ice Magic      | 1 2 |  2.0
Air Magic      | 1 2 |  2.0
Earth Magic    | 1 2 |  2.0
Poison Magic   | 1 2 |  2.0
Fighting       | 3 |  3.6
Transmutations | 4 |  4.3
Dodging        | 5 |  5.2
Unarmed Combat | 7 |  7.0

Action                   |  1- 3 |  4- 6 |  7- 9 || total
-------------------------+-------+-------+-------++-------
Melee: Unarmed           |    70 |    56 |    15 ||   141
       Bite              |     4 |       |       ||     4
       Kick              |     1 |       |       ||     1
       Punch             |     1 |       |       ||     1
       Headbutt          |     2 |     2 |       ||     4
       Dagger            |     1 |     6 |       ||     7
Throw: Tomahawk          |       |     4 |       ||     4
 Cast: Beastly Appendage |    12 |     1 |       ||    13
       Spider Form       |     7 |    10 |     2 ||    19
       Sticks to Snakes  |     1 |     6 |     1 ||     8
 Stab: Sleeping          |     1 |     3 |       ||     4
       Distracted        |       |       |     1 ||     1
  Eat: Chunk             |       |     2 |     1 ||     3
Armor: Robe              |     9 |       |       ||     9
Dodge: Dodged            |    52 |    46 |    14 ||   112

Table legend:
 A = Spawn XP
 B = Non-spawn XP
 C = Spawn XP percentage of total XP
 D = Spawn monster count
 E = Non-spawn monster count
 F = Spawn count percentage of total count
 G = Total turns spent on level
                    A         B        C        D         E        F      G
               +---------+---------+-------+---------+---------+-------+---------
         Total |       0 |     910 |   0.0 |       0 |      66 |   0.0 |  1328
               +---------+---------+-------+---------+---------+-------+---------
           D:1 |       0 |      17 |   0.0 |       0 |      10 |   0.0 |   171
           D:2 |       0 |      29 |   0.0 |       0 |      11 |   0.0 |   188
           D:3 |       0 |      25 |   0.0 |       0 |      13 |   0.0 |   215
           D:4 |       0 |     115 |   0.0 |       0 |      10 |   0.0 |   239
           D:5 |       0 |      18 |   0.0 |       0 |       4 |   0.0 |    67
           D:6 |       0 |      27 |   0.0 |       0 |       6 |   0.0 |   108
           D:7 |       0 |     679 |   0.0 |       0 |      12 |   0.0 |   279
               +---------+---------+-------+---------+---------+-------+---------

Table legend:
 A = Turns spent in this place as a percentage of turns spent in the entire game.
 B = Non-inter-level travel turns spent in this place as a percentage of non-inter-level travel turns spent in the entire game.
 C = Inter-level travel turns spent in this place as a percentage of turns spent in this place.
 D = Turns resting spent in this place as a percentage of non-inter-level travel turns spent in this place.
 E = Turns spent auto-exploring this place as a percentage of non-inter-level travel turns spent in this place.
 F = Non-inter-level travel turns spent in this place divided by the number of levels of this place that you've seen.
                   A       B       C       D       E      F
               +-------+-------+-------+-------+-------+----------------------
         Total | 100.0 | 100.0 |   0.8 |   0.0 |   0.0 | 164.6
       Dungeon |  95.4 |  96.2 |   0.0 |   0.0 |   0.0 | 181.0
        Temple |   4.6 |   3.8 |  18.0 |   0.0 |   0.0 |  50.0
               +-------+-------+-------+-------+-------+----------------------

Table legend:
 A = Kills in this place as a percentage of kills in entire the game.
 B = Kills by you in this place as a percentage of kills by you in the entire game.
 C = Kills by friends in this place as a percentage of kills by friends in the entire game.
 D = Other kills in this place as a percentage of other kills in the entire game.
 E = Experience gained in this place as a percentage of experience gained in the entire game.
 F = Experience gained in this place divided by the number of levels of this place that you have seen.
                   A       B       C       D       E      F
               +-------+-------+-------+-------+-------+----------------------
         Total | 100.0 | 100.0 | 100.0 |   N/A | 100.0 | 113.8
       Dungeon | 100.0 | 100.0 | 100.0 |   N/A | 100.0 | 130.0
               +-------+-------+-------+-------+-------+----------------------

Vault maps used:
D:1:      lemuel_arrival_funnel
D:3:      minmay_misc_feat_chi, nicolae_tso_swordbearing_angel
D:4:      minmay_temple_entry_fiery, first_ration
D:5:      fiery_altar_vehumet, minmay_misc_feat_rows, kennysheep_crisscross
D:6:      nicolae_overflow_hidden_temple, lightli_temple_of_fire, uniq_duvessa
Temple:   nicolae_temple_hex_pool
